Map: Orbital Shipyard

Players

HzVee - Winner!

  • Race: Protoss Protoss

ÐÐK

  • Race: Zerg Zerg
  • League: Bronze

VOD

Have the link to the VOD?

Description

Time

  • Played on: Oct. 16, 2015, 1:42 a.m.
  • Length: 12:49
Show
View Real Time Build Order
Export as new Build Order

HzVee Protoss - Winner!

Build Orders:  

Get SALT Encoding   

  12  0:01  Probe (Chrono Boost)  
  13  0:11  Probe (Chrono Boost)  
  14  0:22  Probe (Chrono Boost), Pylon  
  15  0:40  Probe (Chrono Boost)  
  15  0:41  Gateway  
  16  0:46  Assimilator  
  16  0:50  Probe (Chrono Boost)  
  17  1:01  Probe (Chrono Boost)  
  18  1:07  Gateway  
  18  1:12  Probe (Chrono Boost)  
  19  1:23  Probe (Chrono Boost), Pylon  
  20  1:29  Cybernetics Core  
  20  1:33  Zealot (Chrono Boost)  
  22  1:42  Probe  
  22  1:45  Assimilator  
  23  1:59  Zealot (Chrono Boost)  
  26  2:01  Probe  
  26  2:13  Probe  
  27  2:21  Nexus  
  27  2:27  Warp Gate (Chrono Boost)  
  27  2:33  Pylon  
  27  2:39  Mothership Core  
  29  2:49  Adept  
  31  2:52  Stalker  
  33  3:01  Probe  
  34  3:13  Probe  
  35  3:24  Pylon  
  35  3:25  Probe  
  36  3:30  Forge  
  36  3:38  Probe  
  37  3:44  Stalker (Chrono Boost)  
  41  3:49  Probe  
  41  3:50  Probe, Adept (Chrono Boost)  
  43  4:01  Probe  
  43  4:02  Twilight Council  
  44  4:11  Pylon  
  44  4:17  Pylon  
  44  4:19  Probe  
  44  4:21  Assimilator  
  45  4:29  Protoss Ground Weapons Level 1 (Chrono Boost)  
  45  4:31  Probe  
  46  4:43  Probe  
  47  4:48  Stalker  
  47  4:49  Stalker  
  47  4:52  Nexus  
  51  4:55  Probe  
  51  4:58  Pylon  
  52  5:06  Photon Cannon  
  52  5:07  Probe  
  53  5:19  Probe  
  54  5:25  Gateway  
  54  5:27  Gateway  
  54  5:31  Stalker x2, Probe  
  59  5:36  Pylon  
  59  5:43  Probe  
  59  5:47  Assimilator  
  60  5:56  Probe  
  61  5:59  Stalker x2  
  61  6:02  Probe  
  66  6:05  Probe  
  66  6:08  Probe  
  68  6:14  Probe  
  68  6:15  Probe  
  70  6:20  Probe  
  70  6:25  Resonating Glaives (Chrono Boost), Pylon  
  71  6:27  Probe  
  71  6:31  Protoss Ground Weapons Level 2  
  72  6:39  Probe  
  71  6:44  Stalker x2  
  75  6:51  Probe  
  76  7:01  Pylon  
  76  7:03  Probe  
  76  7:05  Gateway  
  76  7:08  Pylon  
  77  7:15  Probe  
  77  7:17  Probe  
  77  7:19  Stalker  
  77  7:20  Stalker  
  77  7:21  Stalker x2  
  87  7:28  Probe  
  87  7:29  Probe  
  89  7:38  Robotics Facility  
  89  7:40  Probe  
  89  7:42  Probe  
  91  7:52  Probe  
  91  7:54  Blink (Chrono Boost)  
  92  7:59  Stalker x3  
  98  8:14  Stalker  
  98  8:15  Stalker  
  98  8:17  Pylon  
  80  8:41  Observer (Chrono Boost)  
  75  8:46  Stalker  
  75  8:48  Stalker x3  
  81  8:49  Stalker  
  85  9:01  Immortal (Chrono Boost)  
  89  9:04  Gateway  
  89  9:05  Gateway  
  88  9:10  Gateway  
  88  9:12  Gateway  
  88  9:16  Zealot x5  
  98  9:45  Nexus  
  98  9:46  Pylon  
  98  9:48  Stalker x2, Pylon  
  98  9:49  Stalker  
  98  9:50  Stalker  
  98  9:51  Stalker  
  98  10:04  Protoss Ground Weapons Level 3  
  98  10:06  Probe  
  97  10:15  Assimilator  
  97  10:19  Stalker x4  
  97  10:20  Stalker x4  
  97  10:21  Stalker  
  115  10:26  Pylon  
  115  10:43  Gateway  
  115  10:49  Gateway x2  
  115  10:52  Gateway, Zealot  
  115  10:53  Zealot  
  115  10:54  Zealot x4  
  115  10:56  Zealot x2  
  115  10:57  Zealot  
  133  11:00  Probe  
  134  11:06  Pylon  
  134  11:09  Pylon  
  134  11:10  Probe  
  135  11:21  Stalker x5, Probe  
  135  11:23  Stalker x3  
  135  11:24  Stalker  
  154  11:31  Probe  
  147  11:42  Probe  
  147  11:44  Stalker x2  
  147  11:45  Stalker x2  
  147  11:46  Stalker x2  
  147  11:47  Stalker x3  
  156  11:59  Stalker  
  156  12:00  Stalker x3  
  126  12:13  Stalker x2  
  126  12:14  Stalker x5  
  126  12:15  Stalker x2  
  144  12:25  Gateway x2  
  144  12:26  Gateway  
  144  12:29  Gateway  
  144  12:30  Probe  
Show
View Real Time Build Order
Export as new Build Order

ÐÐK Zerg 

Build Orders: Hatch First 

Get SALT Encoding   

  12  0:02  Drone  
  13  0:12  Drone  
  14  0:19  Overlord  
  14  0:25  Drone, Extractor  
  15  0:37  Drone x2  
  17  0:48  Drone  
  18  0:57  Drone  
  18  1:02  Hatchery  
  18  1:08  Drone  
  19  1:18  Drone  
  19  1:22  Extractor  
  19  1:28  Spawning Pool  
  19  1:29  Drone  
  19  1:39  Overlord  
  19  1:51  Drone  
  20  2:13  Drone x2  
  20  2:15  Queen  
  22  2:21  Queen  
  22  2:22  Roach Warren  
  25  2:24  Drone  
  25  2:27  Drone  
  27  2:34  Overlord  
  29  2:44  Drone x3  
  29  2:51  Queen  
  32  3:03  Roach  
  32  3:04  Roach x2  
  38  3:14  Drone x2, Extractor  
  39  3:23  Roach x2  
  43  3:29  Lair  
  43  3:35  Drone  
  43  3:37  Overlord x2  
  44  3:41  Extractor  
  43  3:55  Drone x4  
  43  3:57  Hatchery  
  46  4:10  Drone x6  
  52  4:35  Roach x4  
  52  4:36  Extractor  
  52  4:38  Overlord  
  59  4:44  Hydralisk Den  
  58  4:55  Overseer  
  58  4:59  Roach x5  
  68  5:03  Glial Reconstitution  
  68  5:06  Overlord x2  
  68  5:16  Drone x6  
  74  5:37  Drone x6  
  74  5:40  Hydralisk  
  82  5:48  Overseer  
  82  5:51  Evolution Chamber  
  82  5:53  Drone  
  82  5:55  Overlord x2  
  82  5:56  Overlord  
  82  6:08  Extractor  
  81  6:19  Zerg Missile Weapons Level 1  
  81  6:21  Drone x7  
  81  6:22  Drone x5  
  81  6:23  Evolution Chamber  
  92  6:27  Extractor  
  92  6:28  Hydralisk  
  91  6:36  Hydralisk x2  
  91  6:37  Hydralisk x2  
  99  6:48  Hydralisk x3  
  99  6:51  Overlord  
  105  6:58  Zerg Ground Armor Level 1  
  105  7:02  Drone  
  106  7:14  Hydralisk x4  
  114  7:18  Overlord x4  
  114  7:34  Infestation Pit  
  113  7:38  Hydralisk x4  
  113  7:39  Hydralisk x5  
  129  7:52  Roach x5  
  129  7:53  Roach  
  141  8:02  Overlord x3  
  141  8:15  Overlord x3  
  141  8:20  Hive  
  141  8:34  Roach x6  
  145  8:39  Zerg Missile Weapons Level 2  
  147  8:42  Hydralisk x4  
  155  9:23  Zerg Ground Armor Level 2  
  155  9:31  Drone x5  
  156  9:32  Drone  
  156  9:37  Overlord x3, Ultralisk Cavern  
  160  9:41  Hatchery  
  155  9:54  Roach  
  155  9:55  Roach x2  
  157  10:29  Ultralisk  
  157  10:30  Ultralisk x6  
  199  10:47  Chitinous Plating  
  199  11:35  Roach  
  167  11:49  Roach x7  
  167  11:50  Roach x7  
  167  11:51  Roach x3  
  117  12:09  Roach x7  
  117  12:10  Roach x6  
  129  12:17  Roach  
Tags
 
League
Bronze
Matchup
PvZ
Replay Pack
HzVee P1
Add a new tag
Caveats
  • Supply blocks, unpowered buildings, or Contaminate may cause inaccurate times.
  • Supply counts are checked every 10 seconds.